 Dungeon Crawl Stone Soup version 0.21-a0-348-ga060c75 (webtiles) character file.

1451 vishdafish the Poker (level 8, -4/60 HPs)
             Began as a Demonspawn Skald on Oct 6, 2017.
             Was a Believer of Okawaru.
             Killed from afar by Pikel (17 damage)
             ... with a wand of lightning (?/15)
             ... on level 6 of the Dungeon.
             The game lasted 00:13:28 (7144 turns).

vishdafish the Poker (Demonspawn Skald)             Turns: 7144, Time: 00:13:29

Health: -4/60      AC:  7    Str: 11    XL:     8   Next: 47%
Magic:  10/11      EV: 12    Int: 17    God:    Okawaru [**....]
Gold:   268        SH:  0    Dex: 13    Spells: 10/11 levels left

rFire    . . .     SeeInvis .   a - +0 spear
rCold    + . .     Gourm    .   (no shield)
rNeg     . . .     Faith    .   b - +0 leather armour
rPois    .         Spirit   .   (no helmet)
rElec    .         Reflect  .   C - +0 cloak
rCorr    .         Harm     .   G - +0 pair of gloves
MR       .....                  (no boots)
Stlth    +.........             w - amulet of magic regeneration
HPRegen  0.20/turn              u - ring of protection from cold
MPRegen  0.37/turn              (no ring)

@: infused
A: molten scales 1, spiny 2
a: Heroism, Renounce Religion


You were on level 6 of the Dungeon.
You worshipped Okawaru.
Okawaru was pleased with you.
You were near starving.

You visited 1 branch of the dungeon, and saw 7 of its levels.

You collected 268 gold pieces.

Inventory:

Hand Weapons
 a - a +0 spear (weapon)
Missiles
 v - a throwing net (quivered)
Armour
 b - a +0 leather armour (worn)
 s - a +0 chain mail
 A - the +4 shield of Amaunygi {rPois}
   (You found it on level 4 of the Dungeon)

   It protects you from poison.
 C - a +0 cloak (worn)
 E - a +2 scale mail of positive energy
 G - a +0 pair of gloves (worn)
Jewellery
 u - a ring of protection from cold (left hand)
 w - an amulet of magic regeneration (around neck)
 D - an uncursed ring of ice
Wands
 t - a wand of flame (22/48)
Scrolls
 e - 4 scrolls of fear {unknown}
 f - a scroll of enchant armour {unknown}
 g - 2 scrolls of amnesia {unknown}
 h - a scroll of magic mapping {unknown}
 i - 3 scrolls of remove curse {unknown}
 k - a scroll of recharging {unknown}
 m - 3 scrolls of fog {unknown}
 n - a scroll of blinking {unknown}
 o - 2 scrolls of immolation {unknown}
 q - 3 scrolls of teleportation {unknown}
 y - a scroll of enchant weapon {unknown}
Potions
 j - a potion of flight
 l - 2 potions of ambrosia
 r - 2 potions of degeneration {unknown}
 x - a potion of curing
Books
 c - a book of Battle

   Spells                             Type                      Level
   a - Infusion                       Charms                       1
   b - Shroud of Golubria             Charms/Translocation         2
   c - Song of Slaying                Charms                       2
   d - Spectral Weapon                Hexes/Charms                 3
   e - Regeneration                   Charms/Necromancy            3
Comestibles
 d - 5 bread rations
 p - 2 meat rations
 B - 4 fruits
 F - a royal jelly


   Skills:
 + Level 4.2 Fighting
 * Level 5.6 Polearms
 + Level 3.4 Armour
 - Level 2.6 Dodging
 * Level 4.5 Shields
 - Level 2.0 Spellcasting
 - Level 3.0 Charms
 - Level 4.0 Invocations


You had 10 spell levels left.
You knew the following spells:

 Your Spells              Type           Power        Failure   Level  Hunger
a - Infusion              Chrm           ##..         7%          1    #......


Dungeon Overview and Level Annotations

Branches:
Dungeon (7/15)             Temple (0/1) D:5

Altars:
Ashenzari
Dithmenos
Hepliaklqana
Okawaru
Qazlal
Trog
Vehumet
Wu Jian
Xom
The Shining One

Annotations:
D:4 Dowan, Duvessa
D:6 Pikel


Innate Abilities, Weirdness & Mutations

You are partially covered in molten scales. (AC +2)
You are mostly covered in sharp spines.


Message History

You are electrocuted!
You are too injured to fight recklessly!
You hit Pikel.
Pikel is lightly wounded.
You hit Pikel.
Pikel is moderately wounded.
Pikel hits you with a whip of electrocution.
You hit Pikel.
Pikel is moderately wounded.
Pikel zaps a wand.
The bolt of lightning hits you!
* * * LOW HITPOINT WARNING * * *
Okay, then.
You feel better.
Pikel hits you with a whip of electrocution!
* * * LOW HITPOINT WARNING * * *
Okay, then.
You feel better. Pikel waves his whip at you.
Pikel zaps a wand.
The bolt of lightning hits you!
You die...

.# .....W...# .##
#..........#
..#########........<.#
#.#..................#
.....######..........#
.......#####........##
..........##....p..##
.......##..#.###K##
.......###.#.##.@#
.......# #.#.##..#
.......# #...#...#
......####.......#
.....## #........######
####.####...#....#....#
......................#
............#.........#
#####.##...#.>##.######


You could see Pikel and a slave.

Vanquished Creatures
  The ghost of Yermak the Poker, a novice GnWn of Gozag (D:6)
  Grinder (D:6)
  Sigmund (D:6)
  3 slaves (D:7)
  3 ogres
  A bullfrog (D:6)
  A centaur zombie (D:6)
  A crimson imp (D:5)
  3 hounds
  An orc priest (D:5)
  A centaur skeleton (D:5)
  Crazy Yiuf (D:3)
  An iguana (D:5)
  Natasha (twice) (D:3)
  2 worker ants
  5 adders
  A shadow imp (D:5)
  An ooze (D:1)
  A worm (D:4)
  2 dart slugs
  A leopard gecko (D:2)
  10 orcs
  4 ball pythons
  2 bats
  2 giant cockroaches
  6 goblins
  8 hobgoblins
  4 jackals (D:5)
  4 kobolds
  A quokka (D:5)
  9 frilled lizards
  A leopard gecko zombie (D:6)
  A quokka zombie (D:6)
  5 rats
91 creatures vanquished.

Notes
Turn   | Place    | Note
-------+----------+-------------------------------------------
     0 | D:1      | vishdafish the Demonspawn Skald began the quest for the Orb.
     0 | D:1      | Reached XP level 1. HP: 16/16 MP: 3/3
    66 | D:1      | Reached skill level 1 in Armour
   131 | D:1      | Reached skill level 2 in Polearms
   417 | D:1      | Gained mutation: You are partially covered in sharp spines. [demonic ancestry]
   417 | D:1      | Reached XP level 2. HP: 22/22 MP: 1/5
   943 | D:2      | Found an iron altar of Okawaru.
   998 | D:2      | Became a worshipper of Warmaster Okawaru
  1094 | D:2      | Reached XP level 3. HP: 22/27 MP: 2/6
  1572 | D:2      | Found a glowing golden altar of the Shining One.
  1723 | D:3      | Reached skill level 1 in Invocations
  2221 | D:3      | Found a glowing golden altar of the Shining One.
  2224 | D:3      | Found a radiant altar of Vehumet.
  2224 | D:3      | Found a glowing golden altar of the Shining One.
  2231 | D:3      | Found a shimmering altar of Xom.
  2231 | D:3      | Found a shimmering altar of Xom.
  2231 | D:3      | Found a hide-covered altar of Uskayaw.
  2407 | D:3      | Noticed Natasha
  2421 | D:3      | Killed Natasha
  2421 | D:3      | Gained mutation: You are partially covered in molten scales. (AC +2) [demonic ancestry]
  2421 | D:3      | Reached XP level 4. HP: 5/33 MP: 5/7
  2822 | D:3      | Found a runed door.
  2827 | D:3      | Noticed Crazy Yiuf
  2843 | D:3      | Killed Crazy Yiuf
  2843 | D:3      | Reached skill level 3 in Polearms
  3089 | D:3      | Noticed Natasha
  3099 | D:3      | Killed Natasha
  3099 | D:3      | Reached XP level 5. HP: 30/39 MP: 5/8
  3678 | D:4      | Found a bloodstained altar of Trog.
  3705 | D:4      | Got a blackened shield
  3711 | D:4      | Identified the +4 shield of Amaunygi {rPois} (You found it on level 4 of the Dungeon)
  3739 | D:4      | Found a shadowy altar of Dithmenos.
  3833 | D:4      | Noticed Duvessa
  3833 | D:4      | Noticed Dowan
  4086 | D:5      | Entered Level 5 of the Dungeon
  4130 | D:5      | Found a staircase to the Ecumenical Temple.
  4236 | D:5      | Reached * piety under Okawaru
  4484 | D:5      | Found an ornate altar of the Wu Jian Council.
  4524 | D:5      | Reached skill level 1 in Shields
  4788 | D:5      | Gained mutation: You are mostly covered in sharp spines. [demonic ancestry]
  4788 | D:5      | Reached XP level 6. HP: 37/46 MP: 5/9
  4897 | D:5      | Found a shattered altar of Ashenzari.
  5194 | D:6      | Noticed Yermak's ghost (novice GnWn)
  5231 | D:6      | Reached skill level 4 in Polearms
  5413 | D:6      | Reached XP level 7. HP: 33/52 MP: 8/10
  5537 | D:6      | Reached ** piety under Okawaru
  5781 | D:6      | Found a stormy altar of Qazlal.
  5829 | D:6      | Killed Yermak's ghost
  5829 | D:6      | Reached skill level 5 in Polearms
  5829 | D:6      | Reached XP level 8. HP: 34/60 MP: 8/11
  5955 | D:6      | Noticed Grinder
  5958 | D:6      | Paralysed by Grinder for 7 turns
  5974 | D:6      | Paralysed by Grinder for 3 turns
  5978 | D:6      | Killed Grinder
  5990 | D:6      | Noticed Sigmund
  7015 | D:6      | Found a hazy altar of Hepliaklqana.
  7073 | D:6      | Killed Sigmund
  7114 | D:6      | Found a radiant altar of Vehumet.
  7133 | D:6      | Noticed Pikel
  7142 | D:6      | HP: 3/60 [Pikel/wand of lightning (?/15) (23)]
  7144 | D:6      | Killed from afar by Pikel

Vault maps used:
D:1:      lightli_molten_gateway, hex_large
D:2:      tso_altar, okawaru_gym_becter
D:3:      doesnt_xom_only_xom, minmay_shallow_snake_nest, uniq_natasha,
          uniq_crazy_yiuf_cottage
D:4:      lemuel_doored_altar, lemuel_round_altar, first_bread, hex_medium,
          dk_rats_in_the_wall, uniq_duvessa
D:5:      marbit_many_paths, kennysheep_mini_moat, minmay_temple_entry_mist
D:6:      vehumet_altar_wand_db, nicolae_overflow_crystal_walls,
          nicolae_qazlal_general_emergency, minmay_misc_feat_roman,
          uniq_sigmund, uniq_pikel, uniq_grinder

Skill      XL: |  1  2  3  4  5  6  7  8 |
---------------+-------------------------+-----
Armour         | 1 2 3 |  3.4
Polearms       | 2 3 4 5 |  5.6
Dodging        | 2 |  2.6
Charms         | 3 |  3.0
Invocations    | 2 3 4 |  4.0
Shields        | 1 2 3 4 |  4.5
Fighting       | 3 4 |  4.2
Spellcasting   | |  2.0

Action                   |  1- 3 |  4- 6 |  7- 9 || total
-------------------------+-------+-------+-------++-------
Melee: Spear             |   124 |   149 |    86 ||   359
Throw: Throwing net      |       |     2 |     1 ||     3
 Cast: Infusion          |    14 |    11 |    11 ||    36
  Use: Potion            |     1 |       |     4 ||     5
       Scroll            |       |     3 |     2 ||     5
 Stab: Sleeping          |     1 |     1 |       ||     2
  Eat: Chunk             |     4 |     5 |     5 ||    14
       Bread ration      |       |     1 |       ||     1
Armor: Leather armour    |    16 |    25 |    11 ||    52
Dodge: Dodged            |    55 |    51 |    42 ||   148

Table legend:
 A = Spawn XP
 B = Non-spawn XP
 C = Spawn XP percentage of total XP
 D = Spawn monster count
 E = Non-spawn monster count
 F = Spawn count percentage of total count
 G = Total turns spent on level
                    A         B        C        D         E        F      G
               +---------+---------+-------+---------+---------+-------+---------
         Total |       0 |    2074 |   0.0 |       0 |      88 |   0.0 |  7144
               +---------+---------+-------+---------+---------+-------+---------
           D:1 |       0 |      29 |   0.0 |       0 |      14 |   0.0 |   915
           D:2 |       0 |      35 |   0.0 |       0 |      18 |   0.0 |  1125
           D:3 |       0 |     155 |   0.0 |       0 |      17 |   0.0 |  1792
           D:4 |       0 |      18 |   0.0 |       0 |       6 |   0.0 |   361
           D:5 |       0 |     346 |   0.0 |       0 |      16 |   0.0 |  1437
           D:6 |       0 |    1394 |   0.0 |       0 |      14 |   0.0 |   960
           D:7 |       0 |      97 |   0.0 |       0 |       3 |   0.0 |   554
               +---------+---------+-------+---------+---------+-------+---------
